 Dungeon Crawl Stone Soup version 0.31.0-11-ge490571c62 (webtiles) character file.

Game seed: 14462154452982818987

596 Arcadio the Covered (level 7, -6/60 HPs)
             Began as an Armataur Gladiator on Jan 26, 2024.
             Was an Initiate of Okawaru.
             Mangled by an ogre
             ... wielding a +0 giant club
              (16 damage)
             ... on level 3 of the Dungeon.
             The game lasted 00:09:55 (3992 turns).

Arcadio the Covered (Armataur Gladiator)            Turns: 3992, Time: 00:09:55

Health: -6/60      AC:  9    Str: 22    XL:     7   Next: 17%
Magic:  7/7        EV:  9    Int:  8    God:    Okawaru [......]
Gold:   35         SH:  0    Dex: 11    Spells: 6/6 levels left

rFire   . . .        a - +0 flail
rCold   + . .        (no shield)
rNeg    . . .        v - +0 ring mail
rPois   .            c - +0 helmet
rElec   .            (no cloak)
rCorr   .            g - +0 pair of gloves
SInv    +            (no barding)
Will    .....        (no amulet)
Stlth   +            f - ring of see invisible
HPRegen 0.30/turn    l - ring of protection from cold
MPRegen 0.10/turn

%: roll
@: no status effects
A: large, deformed body, tough skin 3, armoured tail, roll 2
a: Renounce Religion


You were on level 3 of the Dungeon.
You worshipped Okawaru.
Okawaru was noncommittal.
You visited 2 branches of the dungeon, and saw 5 of its levels.

You collected 135 gold pieces.
You spent 100 gold pieces at shops.

Inventory:

Hand Weapons
 a - a +0 flail (weapon)
Missiles
 d - 3 throwing nets (quivered)
 e - a javelin
Armour
 b - a +0 leather armour
 c - a +0 helmet (worn)
 g - a +0 pair of gloves (worn)
 j - a +0 leather armour
 v - a +0 ring mail (worn)
Jewellery
 f - a ring of see invisible (left hand)
 l - a ring of protection from cold (right hand)
 u - a ring of willpower
Wands
 m - a wand of paralysis (1)
 x - a wand of flame (10)
Scrolls
 h - 2 scrolls of teleportation
 i - a scroll of enchant weapon
 k - a scroll of vulnerability
 n - a scroll of amnesia
 o - a scroll of blinking {unknown}
 q - a scroll of immolation {unknown}
 y - a scroll of fog {unknown}
Potions
 p - a potion of ambrosia {unknown}
 s - a potion of curing
 t - 2 potions of might
 w - a potion of mutation {unknown}


   Skills:
 + Level 4.4 Fighting
 + Level 4.8 Maces & Flails
 - Level 1.7 Throwing
 + Level 5.0 Armour
 - Level 2.1 Dodging


You had 6 spell levels left.
You didn't know any spells.
Your spell library was empty.

Dungeon Overview and Level Annotations

Branches:
Dungeon (4/15)             Temple (1/1) D:4

Altars:
Ashenzari
Cheibriados
Dithmenos
Elyvilon
Fedhas
Gozag
Hepliaklqana
Kikubaaqudgha
Makhleb
Nemelex Xobeh
Okawaru
Qazlal
Ru
Sif Muna
Trog
Uskayaw
Wu Jian
Xom
Yredelemnul
Zin
The Shining One

Shops:
D:3 ((![=


Innate Abilities, Weirdness & Mutations

Armour fits poorly on your strangely shaped body.
You have extremely tough skin. (AC +3)
You have a long armoured tail.
You regenerate magic and health when rolling toward enemies. (Rampage Regen)


Message History

Done waiting.
There is a stone staircase leading down here.
You climb downwards.
The ogre shouts!
There is a stone staircase leading up here.
An ogre is nearby!
As you read the scroll of identify, it crumbles to dust.
n - a scroll of amnesia You roll towards the ogre!
You barely miss the ogre.
Your tail-slap misses the ogre.
The ogre hits you with a +0 giant club!!
You hit the ogre.
Your tail-slap misses the ogre.
The ogre is moderately wounded.
The ogre hits you with a +0 giant club!
You barely miss the ogre.
The ogre is moderately wounded.
The ogre hits you with a +0 giant club!!
* * * LOW HITPOINT WARNING * * *
There is a stone staircase leading up here.
You climb upwards.
There is a stone staircase leading down here.
You start resting.
HP restored.
You climb downwards.
The ogre hits you with a +0 giant club!
There is a stone staircase leading up here.
You sock the ogre!
The ogre is heavily wounded.
The ogre hits you with a +0 giant club!
You barely miss the ogre.
The ogre is heavily wounded.
The ogre hits you with a +0 giant club!
You barely miss the ogre.
The ogre is heavily wounded.
The ogre hits you with a +0 giant club!
You climb upwards.
There is a stone staircase leading down here.
The ogre attacks as it pursues you! The ogre hits you with a +0 giant club.
* * * LOW HITPOINT WARNING * * *
The ogre attacks as it pursues you! The ogre hits you with a +0 giant club!
You die...

..≈≈≈≈≈∩##.#.##..## #......#...#
#.≈≈≈≈≈.##.#.##...####......#..#.
...≈≈≈..#..#.##...............#..
.#.....8####.####.####......##..∩
.###########.####..# ########.#..
.#.............###.### ##..#.
.#...#.#####.#.# #...# ###....#
.#...#.# #.#.#####.## ##...#...
.#...#.#####....@O....###..######
.#..................#.##..#######
.#...########.......#....###.....
.....# #.........###>.........
.....# #.........# ######.....
#.#..# #..#.###### #.....
#.#..######..#.# ######
#.#............# #.#.#######..###


You could see an ogre.

Vanquished Creatures
  Sigmund (D:3)
  An ice beast (D:4)
  A bombardier beetle (D:4)
  Ijyb (D:3)
  Natasha (thrice) (D:4 D:3)
  Terence (D:3)
  An iguana (D:3)
  2 orc wizards
  An adder (D:3)
  2 dart slugs
  2 ribbon worms
  13 orcs
  4 endoplasms
  3 giant cockroaches
  3 goblins
  6 hobgoblins
  3 jackals (D:2)
  A quokka (D:3)
  9 ball pythons
  9 bats
  5 frilled lizards
  6 kobolds
  4 rats
82 creatures vanquished.

Notes
Turn   | Place    | Note
-------+----------+-------------------------------------------
     0 | D:1      | Arcadio the Armataur Gladiator began the quest for the Orb.
     0 | D:1      | Reached XP level 1. HP: 17/17 MP: 1/1
   256 | D:1      | Reached skill level 1 in Armour
   259 | D:1      | Reached XP level 2. HP: 24/24 MP: 2/2
   898 | D:2      | Reached XP level 3. HP: 30/30 MP: 3/3
  1331 | D:3      | Reached skill level 2 in Armour
  1370 | D:3      | Noticed Ijyb
  1372 | D:3      | Paralysed by Ijyb for 2 turns
  1377 | D:3      | Paralysed by Ijyb for 2 turns
  1386 | D:3      | Killed Ijyb
  1387 | D:3      | Reached XP level 4. HP: 6/37 MP: 4/4
  1535 | D:3      | Found Lokill's Distillery.
  1543 | D:3      | Bought a potion of degeneration for 10 gold pieces
  1543 | D:3      | Bought a potion of curing for 30 gold pieces
  1543 | D:3      | Bought a potion of curing for 30 gold pieces
  1543 | D:3      | Bought a potion of curing for 30 gold pieces
  1605 | D:3      | Found Esoqe's Weapon Boutique.
  1632 | D:3      | Noticed Terence
  1649 | D:3      | Killed Terence
  1798 | D:3      | Found a faded altar of an unknown god.
  1896 | D:3      | Found Ybrud's Antique Weapon Boutique.
  1973 | D:3      | Found Moufucog's Jewellery Emporium.
  2040 | D:3      | Found Senishreth's Antique Armour Emporium.
  2144 | D:3      | Noticed Sigmund
  2154 | D:3      | Killed Sigmund
  2155 | D:3      | Reached skill level 3 in Armour
  2155 | D:3      | Reached XP level 5. HP: 10/46 MP: 5/5
  2155 | D:3      | Reached XP level 6. HP: 12/52 MP: 6/6
  2165 | D:3      | Reached skill level 4 in Armour
  2487 | D:4      | Found a staircase to the Ecumenical Temple.
  2530 | D:4      | Noticed an ice beast
  2816 | D:4      | Killed an ice beast
  2876 | D:4      | Noticed Natasha
  2881 | D:4      | Killed Natasha
  2907 | Temple   | Entered the Ecumenical Temple
  2931 | Temple   | Became a worshipper of Warmaster Okawaru
  3104 | D:3      | HP: 2/52 [iguana (6)]
  3115 | D:3      | Gained mutation: You regenerate magic and health when
                  | rolling toward enemies. (Rampage Regen) [Armataur growth]
  3115 | D:3      | Reached XP level 7. HP: 15/59 MP: 7/7
  3293 | D:4      | Noticed Natasha
  3307 | D:3      | Killed Natasha
  3312 | D:3      | Noticed Natasha
  3420 | D:3      | Killed Natasha
  3421 | D:3      | Reached skill level 5 in Armour
  3992 | D:3      | Mangled by an ogre

Illustrated notes

Levels and vault maps discovered:
D:1:      ncdulo_watergridlock, layout_loops_cross, chequers_serial_rivers_marsh
D:2:      layout_loops_ring, small_statue_intersection, skrybe_limestone_x
D:3:      layout_basic, basic_ecumenical_altar, serial_shops,
          nicolae_lakefront_shop, nicolae_diamond_shop, shop,
          nicolae_shop_trees, nicolae_diamond_shop, uniq_sigmund, uniq_terence,
          uniq_ijyb
D:4:      layout_gridville, minmay_temple_entry_butterflies,
          ebering_ghost_inner_flame, minmay_ruined_shrine, uniq_natasha,
          uniq_blork_the_orc
Temple:   roderic_octagonal_lattice_temple

Skill      XL: |  1  2  3  4  5  6  7 |
---------------+----------------------+-----
Fighting       | 2 3 4 |  4.4
Armour         | 1 2 3 4 5 |  5.0
Maces & Flails | 3 4 |  4.8
Throwing       | |  1.7
Dodging        | |  2.1

Action                     |  1- 3 |  4- 6 |  7- 9 || total
---------------------------+-------+-------+-------++-------
  Melee: Flail             |   107 |   114 |    58 ||   279
         Tailslap          |     5 |    21 |     6 ||    32
         Punch             |       |     1 |       ||     1
  Evoke: Wand              |       |     3 |       ||     3
    Use: Scroll            |       |     5 |     1 ||     6
         Potion            |       |     3 |       ||     3
   Stab: Distracted        |     1 |       |       ||     1
         Sleeping          |     4 |     1 |       ||     5
         Paralysed         |       |     6 |       ||     6
 Armour: Leather armour    |    20 |       |       ||    20
         Skin              |    67 |    23 |       ||    90
         Ring mail         |       |    90 |   101 ||   191
  Dodge: Dodged            |    67 |    58 |    49 ||   174
